 Dungeon Crawl Stone Soup version 0.20-a0-792-g09bcfd3 (webtiles) character file.

117502 Dfrag the Thaumaturge (level 16, 0/141 HPs)
             Began as a Naga Conjurer on Mar 1, 2017.
             Was the Champion of Makhleb.
             Slain by a fire dragon (7 damage)
             ... on level 14 of the Dungeon.
             The game lasted 01:42:18 (39964 turns).

Dfrag the Thaumaturge (Naga Conjurer)              Turns: 39964, Time: 01:42:48

Health: 0/141      AC: 14    Str: 19    XL:     16   Next: 74%
Magic:  2/30       EV: 12    Int: 24    God:    Makhleb [******]
Gold:   601        SH:  0    Dex: 18    Spells: 13/43 levels left

rFire    + + .     SeeInvis +   k - +5 hand axe of the Modern Stories {chop, rPois Str+4 Dex+3}
rCold    . . .     Gourm    .   j - +1 robe {Archmagi}
rNeg     . . .     Faith    .   (no shield)
rPois    +         Spirit   .   B - +0 helmet {Int+3}
rElec    +         Reflect  .   Z - +2 cloak {rF+}
rCorr    .         Harm     .   K - +2 pair of gloves {Str+3}
MR       ++...                  (no barding)
Stlth    +++++.....             (no amulet)
Regen    0.4/turn               O - ring of fire
MPRegen  0.3/turn               q - +3 ring of dexterity

@: very slightly contaminated, hasted, quick
A: see invisible, cold resistance 1, deformed body, low mp 1, poison resistance,
electricity resistance, slowness 2, slow metabolism 1, spit poison 1, constrict
1, AC +5
a: Spit Poison, Minor Destruction, Lesser Servant of Makhleb, Major Destruction,
Greater Servant of Makhleb, Renounce Religion


You were on level 14 of the Dungeon.
You worshipped Makhleb.
Makhleb was exalted by your worship.
You were very hungry.

You visited 5 branches of the dungeon, and saw 26 of its levels.
You also visited: Sewer and Volcano.

You collected 2779 gold pieces.
You spent 2178 gold pieces at shops.

Inventory:

Hand Weapons
 k - the +5 hand axe of the Modern Stories (weapon) {chop, rPois Str+4 Dex+3}
   (You took it off a yaktaur on level 13 of the Dungeon)

   It inflicts extra damage upon your enemies.
   It affects your strength (+4).
   It affects your dexterity (+3).
   It protects you from poison.
Armour
 j - a +1 robe of the Archmagi (worn)
 B - a +0 helmet of intelligence (worn)
 K - a +2 pair of gloves of strength (worn)
 L - the +1 robe of Bitterness {MR+ Regen+}
   (You found it on level 3 of the Lair of Beasts)

   It affects your resistance to hostile enchantments.
   It increases your rate of regeneration.
 S - a +1 robe of resistance
 Y - a +2 helmet
 Z - a +2 cloak of fire resistance (worn)
Jewellery
 h - an uncursed ring of protection from magic
 q - a +3 ring of dexterity (left hand)
 w - a +1 ring of protection
 z - an uncursed amulet of regeneration {unknown}
 O - a ring of fire (right hand)
 T - an uncursed ring of resist corrosion
Wands
 a - a wand of disintegration (10/24)
 d - a wand of random effects (31/48)
 t - a wand of acid (5/15)
 y - a wand of digging (15/24)
 E - a wand of digging (12/24)
Scrolls
 e - 5 scrolls of enchant armour
 g - 6 scrolls of recharging
 i - 5 scrolls of amnesia
 n - a scroll of enchant weapon {unknown}
 o - 4 scrolls of magic mapping
 p - 10 scrolls of remove curse
 J - 2 scrolls of summoning
 N - 2 scrolls of fog
 R - 2 scrolls of noise {unknown}
 U - a scroll of acquirement {unknown}
 X - 2 scrolls of silence {unknown}
Potions
 b - 3 potions of mutation
 l - 3 potions of brilliance {unknown}
 m - 7 potions of haste
 r - 5 potions of curing
 u - 6 potions of might {unknown}
 v - 2 potions of berserk rage {unknown}
 x - 4 potions of lignification {unknown}
 D - 2 potions of cancellation {unknown}
 F - 2 potions of flight
 G - a potion of magic {unknown}
 H - 2 potions of invisibility
 M - 4 potions of resistance {unknown}
 Q - 2 potions of ambrosia {unknown}
 V - 3 potions of agility {unknown}
Books
 s - a book of Air

   Spells                             Type                      Level
   a - Shock                          Conjuration/Air              1
   b - Swiftness                      Charms/Air                   2
   c - Static Discharge               Conjuration/Air              3
   d - Airstrike                      Air                          4
   e - Lightning Bolt                 Conjuration/Air              5
 I - a book of Fire

   Spells                             Type                      Level
   a - Ignite Poison                  Fire/Transmutation/Poison    3
   b - Fireball                       Conjuration/Fire             5
   c - Bolt of Fire                   Conjuration/Fire             6
   d - Ring of Flames                 Charms/Fire                  7
   e - Ignition                       Fire                         8
Miscellaneous
 P - a sack of spiders
Comestibles
 c - 15 bread rations
 f - 12 meat rations
 A - 4 royal jellies
 C - 19 fruits


   Skills:
 - Level 8.5 Fighting
 + Level 4.0 Dodging
 - Level 12.3 Stealth
 - Level 14.2 Spellcasting
 - Level 13.5 Conjurations
 - Level 14.0 Fire Magic
 * Level 3.4 Air Magic
 - Level 11.1 Invocations


You had 13 spell levels left.
You knew the following spells:

 Your Spells              Type           Power        Failure   Level  Hunger
a - Magic Dart            Conj           ####         0%          1    None
b - Searing Ray           Conj           ######       1%          2    None
c - Fulminant Prism       Conj/Hex       ######....   2%          4    None
d - Sticky Flame          Conj/Fire      ########     1%          4    None
e - Fireball              Conj/Fire      ########..   1%          5    ##.....
f - Iskenderun's Mystic   Conj           #######.     1%          4    None
g - Bolt of Fire          Conj/Fire      ########..   1%          6    #####..
h - Airstrike             Air            ######....   10%         4    None


Dungeon Overview and Level Annotations

Branches:
Dungeon (15/15)            Temple (0/1) D:7            Lair (6/6) D:8
 Shoals (1/4) Lair:3       Spider (2/4) Lair:2        Slime (0/5) Lair:6
    Orc (2/2) D:11            Elf (0/3) Orc:2        Vaults (0/5) D:14
 Depths: D:15

Altars:
Ashenzari
Cheibriados
Dithmenos
Gozag
Kikubaaqudgha
Makhleb
Okawaru
Sif Muna
Trog
Wu Jian
Xom
Zin
The Shining One

Shops:
D:5 =   D:7 [   D:8 }%:%*   D:9 (   D:13 [   Orc:2 !:}%

Annotations:
D:15 Azrael
Spider:2 Arachne


Innate Abilities, Weirdness & Mutations

You cannot wear boots.
Your serpentine skin is tough. (AC +5)
You have supernaturally acute eyesight. (SInv)
Armour fits poorly on your strangely shaped body.
Your system is resistant to poisons. (rPois)
You cover ground very slowly.
You have a slow metabolism.
You can spit poison.
You can use your snake-like lower body to constrict enemies.
Your flesh is cold resistant. (rC+)
Your magical capacity is low. (-10% MP)
You are resistant to electric shocks. (rElec)


Message History

The blast of flame hits you! You resist.
* * * LOW HITPOINT WARNING * * *
Unknown command.
You feel yourself speed up. The fire dragon bites you.
* * * LOW HITPOINT WARNING * * *
The fire dragon claws you!
* * * LOW HITPOINT WARNING * * *
The fire dragon tramples you.
* * * LOW HITPOINT WARNING * * *
You hold your ground!
Okay, then.
Press: ? - help, Shift-Dir - straight line, f/p - fire dragon
Aim: a fire dragon (severely wounded, catching its breath)
The sticky flame hits the fire dragon.
The fire dragon appears unharmed.
The fire dragon is severely wounded.
The fire dragon is covered in liquid flames!
The fire dragon misses you. The fire dragon claws you.
* * * LOW HITPOINT WARNING * * *
The fire dragon tramples you!
You die...

#.(##.#).#.......#########.......
#)(#.#.#.#...........(...........
#..#.##..#......)..(.(.(.........
...)...#.#............)..(.......
#[.#.#####....#########..........
..........(...#.......#).........
...)..)(.)(...#.......#.....)....
#..#(#####.(..#.......#'##.......
.......#.#.(..#.@........#.[..[##
#((#.##..#....#D.........#.....#
#..#.#.#.#...(..........##.....#
#..##.#..#...♣♣♣........'......##
#.(#....∩##.♣# #♣.##'##.#.....<.#
#.(#######..♣ ♣.....#.#.......#
#..(#.......♣# #♣.....#.#.......#
#...#........♣♣♣......###.......#
#..(#>..........................#


You could see a fire dragon (burning).

Vanquished Creatures
  Frances (D:12)
  Aizul (Shoals:1)
  Nessos (Lair:4)
  Josephine (D:13)
  6 hydras
  A death knight (D:15)
  2 catoblepae (Lair:6)
  2 alligators (D:13)
  An ogre mage (D:14)
  6 two-headed ogres
  2 centaur warriors (D:14)
  A deep troll shaman (Lair:6)
  3 death yaks (Lair:6)
  Urug (D:10)
  4 orc high priests
  Sonja (Lair:4)
  Nergalle (Lair:2)
  A fire crab (Volcano)
  3 skeletal warriors (D:14)
  2 unseen horrors (D:13)
  2 lindwurms
  3 sea snakes (Shoals:1)
  A harpy (Lair:3)
  2 phantasmal warriors
  A deep elf archer (D:14)
  A wolf spider zombie (D:14)
  4 ugly things
  6 orb spiders
  5 orc knights (Orc:2)
  6 orc sorcerers
  7 deep elf magi
  7 wolf spiders
  2 cyclopes
  4 merfolk sirens
  Maurice (D:12)
  10 elephants
  4 manticores
  A water nymph (Shoals:1)
  3 black mambas
  A molten gargoyle (Volcano)
  2 gargoyles
  11 spiny frogs
  3 rime drakes
  4 demonic crawlers
  9 komodo dragons
  4 yaktaurs
  2 freezing wraiths (D:15)
  4 trolls
  7 merfolk
  5 meliai
  7 jumping spiders
  2 wind drakes (Shoals:1)
  4 polar bears
  A hornet (D:14)
  15 slime creatures
  13 blink frogs
  A meliai zombie (D:13)
  16 hippogriffs
  4 shadows
  A snapping turtle (Shoals:1)
  4 wyverns
  37 yaks
  8 redbacks
  10 tarantellas
  A hog (Lair:6)
  A spriggan (D:7)
  3 vampires
  3 wraiths
  6 fire bats
  5 basilisks
  A steam dragon (Volcano)
  2 vampire mosquitoes (D:12)
  A hungry ghost (D:13)
  6 wargs
  2 acid dragons
  A soldier ant (D:12)
  16 water moccasins
  13 porcupines
  6 hell hounds
  28 orc warriors
  4 ice beasts
  5 sky beasts
  A phantom (D:13)
  3 black bears (D:8)
  20 wolves
  2 eyes of draining
  2 necrophages
  15 ogres
  24 centaurs
  14 crocodiles
  8 big kobolds
  Blork the orc (D:5)
  16 bullfrogs
  2 wyvern zombies
  5 scorpions
  23 killer bees
  2 howler monkeys
  4 electric eels
  2 vampire bats (D:13)
  5 crimson imps
  A bullfrog zombie (D:5)
  2 lava snakes (Volcano)
  4 centaur zombies
  9 hounds
  24 orc wizards
  24 orc priests
  8 jellies
  A bullfrog skeleton (D:6)
  5 centaur skeletons
  Jessica (D:2)
  7 iguanas
  15 worker ants
  A killer bee zombie (D:8)
  2 hound zombies
  A howler monkey zombie (D:6)
  8 gnolls
  A worker ant zombie (D:8)
  20 adders
  A howler monkey skeleton (D:7)
  2 river rats (Sewer)
  4 shadow imps
  12 oozes
  An adder zombie (D:5)
  2 adder skeletons (D:5)
  7 worms
  7 leopard geckos
  78 orcs
  6 ball pythons
  9 giant cockroaches
  3 goblins
  8 hobgoblins
  12 jackals
  24 kobolds
  A quokka (D:5)
  14 bats
  6 frilled lizards
  A jackal skeleton (D:9)
  A quokka skeleton (D:4)
  13 rats
  2 fungi (Lair:6)
  6 plants
893 creatures vanquished.

Vanquished Creatures (collateral kills)
  Saint Roka (Orc:2)
  A merfolk impaler (Shoals:1)
  An orc high priest (Orc:2)
  An orc sorcerer (Orc:2)
  A jumping spider (Spider:1)
  5 redbacks (Spider:1)
  6 orc warriors (Orc:2)
  An orc wizard (Orc:2)
  6 orcs (Orc:2)
23 creatures vanquished.

Vanquished Creatures (others)
  2 orc wizards (Orc:2)
  2 bushes (Shoals:1)
  9 fulminant prisms
  12 fungi
  13 plants
38 creatures vanquished.

Grand Total: 954 creatures vanquished

Notes
Turn   | Place    | Note
-------+----------+-------------------------------------------
     0 | D:1      | Dfrag the Naga Conjurer began the quest for the Orb.
     0 | D:1      | Reached XP level 1. HP: 15/15 MP: 3/3
   184 | D:1      | Reached XP level 2. HP: 22/22 MP: 0/5
   667 | D:2      | Noticed Jessica
   672 | D:2      | Killed Jessica
   672 | D:2      | Reached XP level 3. HP: 12/28 MP: 0/7
   818 | D:2      | Reached XP level 4. HP: 23/36 MP: 0/8
   822 | D:2      | Learned a level 2 spell: Searing Ray
  1472 | D:2      | Reached XP level 5. HP: 42/42 MP: 8/10
  1668 | D:3      | Found a burning altar of Makhleb.
  1682 | D:3      | Became a worshipper of Makhleb the Destroyer
  1762 | D:3      | Reached skill level 5 in Conjurations
  1898 | D:3      | Found an ornate altar of the Wu Jian Council.
  2001 | D:3      | Reached XP level 6. HP: 32/49 MP: 1/13
  2112 | D:3      | Found a shadowy altar of Dithmenos.
  2124 | D:3      | Found a shattered altar of Ashenzari.
  2338 | D:4      | Found a glowing drain.
  2344 | Sewer    | Entered a sewer
  2440 | Sewer    | Reached skill level 5 in Spellcasting
  2534 | Sewer    | Reached XP level 7. HP: 30/55 MP: 1/15
  2835 | Sewer    | Reached * piety under Makhleb
  3961 | D:4      | Reached XP level 8. HP: 62/62 MP: 7/18
  4393 | D:5      | Entered Level 5 of the Dungeon
  4407 | D:5      | Found Watech's Jewellery Boutique.
  4462 | D:5      | Noticed Blork the orc
  4468 | D:5      | Killed Blork the orc
  4628 | D:5      | Found a shattered altar of Ashenzari.
  4987 | D:5      | Reached ** piety under Makhleb
  4991 | D:5      | Gained mutation: You are resistant to electric shocks. (rElec) [mutagenic meat]
  4992 | D:5      | Gained mutation: You can exhale a cloud of poison. [mutagenic meat]
  4993 | D:5      | Lost mutation: You can exhale a cloud of poison. [mutagenic meat]
  5325 | D:6      | Found an opulent altar of Gozag.
  5535 | D:6      | Reached XP level 9. HP: 68/68 MP: 11/21
  6282 | D:7      | Found a staircase to the Ecumenical Temple.
  6658 | D:7      | Found an iron altar of Okawaru.
  6659 | D:7      | Found an ancient bone altar of Kikubaaqudgha.
  6662 | D:7      | Found a glowing golden altar of the Shining One.
  6767 | D:7      | Learned a level 4 spell: Fulminant Prism
  6853 | D:7      | Found Neirel's Antique Armour Emporium.
  7062 | D:8      | Reached skill level 10 in Spellcasting
  7290 | D:8      | Noticed a manticore
  7321 | D:8      | Reached *** piety under Makhleb
  7324 | D:8      | Killed a manticore
  7324 | D:8      | Reached XP level 10. HP: 27/75 MP: 7/24
  7640 | D:8      | Found Sietteim's Food Shop.
  7694 | D:8      | Found Peudghoe's Assorted Antiques.
  7699 | D:8      | Bought a fuming black potion for 23 gold pieces
  7699 | D:8      | Bought a scroll labeled PONTOJ MAROO for 26 gold pieces
  7699 | D:8      | Bought a fuming black potion for 23 gold pieces
  7699 | D:8      | Bought a pair of glowing gloves for 195 gold pieces
  7699 | D:8      | Bought a scroll labeled SAHU ROGIXUZEI for 26 gold pieces
  7738 | D:8      | Found Puloc's Food Emporium.
  7796 | D:8      | Found Udimpiz's Gadget Emporium.
  7801 | D:8      | Found Dimupob's Book Shoppe.
  7846 | D:8      | Found a staircase to the Lair.
  8014 | D:8      | Found a bloodstained altar of Trog.
  8060 | D:8      | Found a snail-covered altar of Cheibriados.
  8154 | D:8      | Found a deep blue altar of Sif Muna.
  8255 | D:8      | Found a glowing silver altar of Zin.
  8628 | D:9      | Noticed a two-headed ogre
  8642 | D:9      | Killed a two-headed ogre
  8746 | D:9      | Reached skill level 10 in Conjurations
  8989 | D:9      | Reached XP level 11. HP: 81/81 MP: 4/27
  9008 | D:9      | Found a shimmering altar of Xom.
  9096 | D:9      | Reached **** piety under Makhleb
  9098 | D:9      | Reached skill level 5 in Stealth
  9115 | D:9      | Found Tazxacw's Weapon Boutique.
  9414 | D:10     | Entered Level 10 of the Dungeon
  9683 | D:10     | Gained mutation: You tend to lose your temper in combat. [mutagenic meat]
  9684 | D:10     | Lost mutation: You tend to lose your temper in combat. [mutagenic meat]
  9779 | D:10     | Noticed Urug
  9855 | D:8      | Bought a book of Flames for 350 gold pieces
  9860 | D:8      | Learned a level 4 spell: Sticky Flame
  9866 | D:8      | Learned a level 5 spell: Fireball
 10190 | Lair:1   | Entered Level 1 of the Lair of Beasts
 10693 | Lair:1   | Reached skill level 10 in Stealth
 10755 | Lair:1   | Noticed a four-headed hydra
 11040 | Lair:1   | Killed a four-headed hydra
 11927 | Lair:2   | Found a hole to the Spider Nest.
 11953 | Lair:2   | Noticed Nergalle
 12062 | Lair:2   | Reached skill level 1 in Fire Magic
 12516 | Lair:2   | Reached XP level 12. HP: 88/88 MP: 7/28
 12671 | Lair:2   | Killed Nergalle
 12996 | Lair:2   | Reached skill level 5 in Fire Magic
 13441 | Lair:3   | Found a staircase to the Shoals.
 14901 | Lair:3   | Noticed an eight-headed hydra
 14918 | Lair:3   | Killed an eight-headed hydra
 15484 | Lair:4   | Noticed Nessos
 16171 | Lair:4   | Killed Nessos
 16171 | Lair:4   | Gained mutation: You can use your snake-like lower body to constrict enemies. [Naga growth]
 16171 | Lair:4   | Reached XP level 13. HP: 94/94 MP: 7/29
 16500 | Lair:4   | Noticed Sonja
 16503 | Lair:4   | Killed Sonja
 16836 | Lair:5   | Reached skill level 10 in Fire Magic
 16836 | Lair:5   | Reached skill level 1 in Invocations
 17233 | Lair:5   | Reached ***** piety under Makhleb
 17991 | Lair:6   | Entered Level 6 of the Lair of Beasts
 18228 | Lair:6   | Found a dark tunnel.
 18235 | Volcano  | Entered a volcano
 18569 | Volcano  | Found a radiant altar of Vehumet.
 18701 | Volcano  | Learned a level 4 spell: Iskenderun's Mystic Blast
 19232 | Lair:6   | Reached skill level 5 in Invocations
 19623 | Lair:6   | Found a staircase to the Slime Pits.
 20261 | Lair:6   | Reached XP level 14. HP: 66/102 MP: 9/30
 21993 | D:10     | Killed Urug
 22354 | D:11     | Gained mutation: Your flesh is cold resistant. (rC+) [mutagenic meat]
 22356 | D:11     | Gained mutation: Your magical capacity is low. (-10% MP) [mutagenic meat]
 22518 | D:11     | Found a staircase to the Orcish Mines.
 22537 | D:11     | Reached ****** piety under Makhleb
 23403 | D:12     | Noticed Maurice
 23406 | D:12     | Killed Maurice
 23705 | D:12     | Noticed Frances
 23864 | D:12     | Killed Frances
 24351 | Orc:1    | Entered Level 1 of the Orcish Mines
 24925 | Orc:2    | Entered Level 2 of the Orcish Mines
 25372 | Orc:2    | Noticed Saint Roka
 25378 | Orc:2    | Found a staircase to the Elven Halls.
 25791 | D:13     | Reached XP level 15. HP: 29/108 MP: 0/28
 25935 | D:13     | Found Moduqohu's Armour Boutique.
 25948 | D:13     | Reached skill level 10 in Invocations
 28223 | D:13     | Got an uncursed smoking hand axe {chop}
 28224 | D:13     | Identified the +5 hand axe of the Modern Stories {chop, rPois Str+4 Dex+3} (You took it off a yaktaur on level 13 of the Dungeon)
 29229 | D:13     | Reached skill level 1 in Fighting
 29556 | D:14     | Noticed Josephine
 29749 | D:13     | Killed Josephine
 31327 | D:14     | Found a gate to the Vaults.
 31722 | D:14     | Reached skill level 5 in Fighting
 32392 | Orc:2    | Killed Saint Roka
 32621 | Orc:2    | Reached XP level 16. HP: 133/133 MP: 19/30
 32731 | Orc:2    | Found a bloodstained altar of Trog.
 32858 | Orc:2    | Found Limufun's Distillery.
 33788 | Orc:2    | Found Pavivvup's Gadget Emporium.
 33795 | Orc:2    | Bought a potion of degeneration for 14 gold pieces
 33798 | Orc:2    | Found Koug's Food Emporium.
 33800 | Orc:2    | Found Keerigh's Book Shop.
 34062 | Orc:2    | Bought a book of Fire for 650 gold pieces
 34069 | Orc:2    | Learned a level 6 spell: Bolt of Fire
 34351 | Shoals:1 | Entered Level 1 of the Shoals
 35462 | Shoals:1 | Noticed Aizul
 35532 | Shoals:1 | Killed Aizul
 35535 | Shoals:1 | HP: 6/139 [merfolk impaler/trident of protection (24)]
 35984 | Spider:1 | Entered Level 1 of the Spider Nest
 36378 | D:5      | Bought an uncursed ring of fire for 325 gold pieces
 36650 | Orc:2    | Bought a potion of flight for 42 gold pieces
 36650 | Orc:2    | Bought a potion of invisibility for 112 gold pieces
 36650 | Orc:2    | Bought 2 potions of haste for 280 gold pieces
 36653 | Orc:2    | Bought a potion of mutation for 112 gold pieces
 36983 | Lair:3   | Got a ripped robe
 36996 | Lair:3   | Identified the cursed +1 robe of Bitterness {MR+ Regen+} (You found it on level 3 of the Lair of Beasts)
 38560 | Spider:1 | Learned a level 4 spell: Airstrike
 38637 | Spider:2 | Noticed Arachne
 38645 | Spider:1 | Reached skill level 1 in Air Magic
 39230 | D:15     | Entered Level 15 of the Dungeon
 39230 | D:15     | Noticed Azrael
 39964 | D:14     | HP: 7/141 [fire dragon (2)]
 39964 | D:14     | Slain by a fire dragon

Vault maps used:
D:1:      kennysheep_arrival_seaside, minivault_19, minmay_liquid_box,
          minmay_pentomino_x4
D:2:      patterned_corridor, uniq_jessica
D:3:      lemuel_round_altar, makhleb_heckhound_becter,
          overflow_temple_1_default, nicolae_dithmenos_through_a_glass_darkly,
          first_bread
D:4:      lightli_sewer_entry_pipes
D:5:      serial_shops, shop, serial_bayou_pond_a, serial_bayou_pond_e,
          grunt_ashenzari_visionary, uniq_blork_the_orc
D:6:      lemuel_doored_altar
D:7:      minitemple, minmay_temple_entry_grid, serial_shops,
          kennysheep_little_box, the_bakery
D:8:      zin_treasury, trog_ov_bears_minmay, old_standard_altar,
          minmay_lair_entry_lava, serial_shops, shop, nicolae_shop_crystal,
          nicolae_shop_crystal, nicolae_shop_waterfront, nicolae_shop_trees,
          cheibrodos_worm_habitat
D:9:      overflow_temple_1_default, serial_shops, shop
D:10:     uniq_urug
D:11:     orc_0_dummy
D:12:     uniq_frances, uniq_maurice
D:13:     serial_shops, nicolae_shop_stone, hangedman_parallel_progression
D:14:     hangedman_vaults_entry_quadrant_bands, minmay_stone_trees_small,
          uniq_josephine
D:15:     grunt_enter_depths_hoard, corexii_hall_statues_l, wad_rectangle_vault,
          uniq_azrael
Lair:2:   dummy_spider_entry, st_stairs_10, lemuel_fruit_fields,
          grunt_megastairs_2, uniq_nergalle
Lair:3:   elwin_shoals_entry_rooms, serial_bayou_shore_a
Lair:4:   minivault_25, infiniplex_staircase_pool, lemuel_fruit_fields,
          uniq_sonja, uniq_nessos
Lair:6:   grunt_lair_end_beastmaster, minmay_slime_entry_pillars,
          enter_volcano_3, grunt_megastairs_4
Shoals:1: serial_shops, shop, yaktaur_hedge, uniq_aizul, uniq_roxanne
Spider:2: special_room, nicolae_arachne_temple
Orc:2:    st_orc_elflike, basic_altar, uniq_saint_roka
Sewer:    sewer_co_tree
Volcano:  volcano_lake

Skill      XL: |  1  2  3  4  5  6  7  8  9 10 11 12 13 14 15 16 |
---------------+-------------------------------------------------+-----
Spellcasting   | 3 4 5 6 8 10 12 14 | 14.2
Conjurations   | 5 6 7 8 10 11 12 13 | 13.5
Stealth        | 11 12 | 12.3
Fire Magic     | 3 9 12 14 | 14.0
Invocations    | 6 9 11 | 11.1
Fighting       | 5 8 |  8.5
Dodging        | 4 |  4.0
Air Magic      | 3 |  3.4

Action                   |  1- 3 |  4- 6 |  7- 9 | 10-12 | 13-15 | 16-18 || total
-------------------------+-------+-------+-------+-------+-------+-------++-------
Melee: Unarmed           |     2 |     2 |       |       |       |       ||     4
       Flail             |       |    12 |    29 |    65 |    14 |       ||   120
       Demon whip        |       |       |       |       |   323 |       ||   323
       Constrict         |       |       |       |       |   110 |    35 ||   145
       Hand axe          |       |       |       |       |   147 |   116 ||   263
 Cast: Magic Dart        |    30 |    63 |    96 |   108 |   125 |    17 ||   439
       Searing Ray       |       |    16 |    72 |    87 |    79 |     3 ||   257
       Fulminant Prism   |       |       |     3 |     2 |     4 |       ||     9
       Sticky Flame      |       |       |       |    62 |   148 |    55 ||   265
       Fireball          |       |       |       |    40 |   241 |   106 ||   387
       Iskenderun's Myst |       |       |       |       |    28 |     2 ||    30
       Bolt of Fire      |       |       |       |       |       |     5 ||     5
       Airstrike         |       |       |       |       |       |     3 ||     3
Invok: Greater Servant o |       |       |       |       |     3 |     2 ||     5
       Major Destruction |       |       |       |       |     1 |     2 ||     3
 Abil: Spit Poison       |    16 |    24 |    24 |    14 |     6 |     2 ||    86
Evoke: Wand              |       |       |       |     1 |     9 |     2 ||    12
  Use: Scroll            |       |     5 |     1 |     7 |    19 |     9 ||    41
       Potion            |       |       |       |     2 |     5 |     8 ||    15
 Stab: Sleeping          |       |       |       |       |     2 |     1 ||     3
  Eat: Chunk             |       |     6 |    17 |    28 |    64 |    17 ||   132
       Royal jelly       |       |       |     1 |       |     2 |     3 ||     6
       Fruit             |       |       |       |     1 |     2 |     2 ||     5
Armor: Robe              |     5 |     9 |    47 |   140 |   503 |   120 ||   824
Dodge: Dodged            |     6 |    35 |   111 |   197 |   508 |   155 ||  1012
